 Dungeon Crawl Stone Soup version 0.19.4-8-ga85b6b9 (webtiles) character file.

3832 winWinterter the Cleaver (level 10, -2/77 HPs)
             Began as a Formicid Abyssal Knight on Feb 13, 2017.
             Was a Priest of Lugonu.
             Slain by an orc warrior
             ... wielding a +0 halberd
              (14 damage)
             ... on level 9 of the Dungeon.
             The game lasted 00:19:40 (8879 turns).

winWinterter the Cleaver (Formicid Abyssal Knight)  Turns: 8879, Time: 00:19:40

Health: -2/77      AC: 14    Str: 17    XL:     10   Next: 40%
Magic:  12/13      EV:  8    Int: 14    God:    Lugonu [***...]
Gold:   402        SH:  4    Dex: 16    Spells: 0 memorised, 9 levels left

rFire  + . .     SeeInvis +     q - +3 great sword (freeze)
rCold  + . .     Gourm    .     f - +0 chain mail
rNeg   . . .     Faith    .     r - +0 buckler
rPois  +         Spirit   .     (helmet unavailable)
rElec  .         Reflect  .     d - +2 cloak {rPois}
rCorr  .         Harm     .     e - +0 pair of gloves
MR     +....     Clarity  +     (no boots)
Stlth  ..........               (no amulet)
                                w - ring of wizardry
                                v - +5 ring of dexterity

@: no status effects
A: permanent stasis, dig shafts and tunnels, four strong arms, antennae 3,
clarity, cold resistance 1, fire resistance 1
a: Dig, Shaft Self, Depart the Abyss, Bend Space, Banish, Renounce Religion


You were on level 9 of the Dungeon.
You worshipped Lugonu.
Lugonu was most pleased with you.
You were not hungry.

You visited 1 branch of the dungeon, and saw 10 of its levels.
You visited the Abyss 1 time.

You collected 402 gold pieces.

Inventory:

Hand Weapons
 a - a +1 hand axe
 j - a +0 war axe
 q - a +3 great sword of freezing (weapon)
Armour
 b - a +0 leather armour
 d - a +2 cloak of poison resistance (worn)
 e - a +0 pair of gloves (worn)
 f - a +0 chain mail (worn)
 r - a +0 buckler (worn)
Jewellery
 v - a +5 ring of dexterity (left hand)
 w - a ring of wizardry (right hand)
Wands
 o - a wand of flame (32/48)
 B - a wand of flame (36/48)
Scrolls
 h - 2 scrolls of fear
 i - a scroll of enchant armour
 k - 2 scrolls of identify
 l - 2 scrolls of remove curse
 n - a scroll of fog
Potions
 p - 2 potions of berserk rage
 t - a potion of lignification {unknown}
 u - a potion of brilliance {unknown}
Books
 m - a book of Conjurations

   Spells                             Type                      Level
   a - Magic Dart                     Conjuration                  1
   b - Searing Ray                    Conjuration                  2
   c - Dazzling Spray                 Conjuration/Hexes            3
   d - Fulminant Prism                Conjuration/Hexes            4
   e - Iskenderun's Mystic Blast      Conjuration                  4
   f - Iskenderun's Battlesphere      Conjuration/Charms           5
Comestibles
 c - 5 bread rations
 g - 3 meat rations
 s - 12 fruits
 x - 5 chunks of flesh


   Skills:
 + Level 6.5 Fighting
 * Level 5.8 Long Blades
 - Level 9.9 Axes
 + Level 5.7 Armour
 + Level 2.7 Dodging
 + Level 1.0 Stealth
 + Level 1.9 Shields
 * Level 4.5 Invocations


You had 9 spell levels left.
You didn't know any spells.

Dungeon Overview and Level Annotations

Branches:
Dungeon (10/15)            Temple (0/1) D:6
   Lair: D:8-11         Orc: D:9-12

Altars:
Trog
The Shining One

Annotations:
D:2 Sigmund
D:7 corrupted
D:8 danebombitumenja's ghost, novice MiMo
D:9 corrupted
D:10 Typee's ghost, journeyman OpCj


Innate Abilities, Weirdness & Mutations

You are under a permanent stasis effect.
You can dig through walls and to a lower floor.
Your four strong arms can wield two-handed weapons with a shield.
You have a pair of large antennae on your head. (SInv)
You possess an exceptional clarity of mind.
Your flesh is cold resistant. (rC+)
Your flesh is heat resistant. (rF+)


Message History

You barely miss the orc wizard.
The orc warrior hits you but does no damage.
The orc wizard casts a spell.
The orc wizard blinks!
The orc hits you but does no damage.
The orc warrior hits you from afar with a halberd!
* * * LOW HITPOINT WARNING * * *
The orc wizard hits you with a dagger.
* * * LOW HITPOINT WARNING * * *
Space bends around you!
You blink.
* * * LOW HITPOINT WARNING * * *
The orc priest hits you but does no damage.
You feel better. You block the orc priest's attack.
Unknown command.
The orc priest looks encouraged for a moment.
You slice the orc priest!! You freeze the orc priest!
You kill the orc priest!
Lugonu accepts your kill. You block the orc warrior's attack.
The orc warrior hits you from afar with a halberd!
You die...

≈≈# #######≈#
#.$...#≈#
#%....'.##
#./o..'..#
#?....'..#
#.o...#≈.#
#≈#######≈.#
#≈≈≈≈≈≈≈≈≈@#
##.....)#
#...#o##
#...#o##
###.#o.# #.##o#
#
#o##o######..##
#.##.##).......
#).[....###.###


You could see 2 orc warriors and an orc.

Vanquished Creatures
  4 yaks (D:9)
  Menkaure (D:4)
  Duvessa (D:6)
  3 ice beasts
  3 ogres
  2 sky beasts
  A phantom (D:5)
  A gnoll sergeant (D:8)
  4 bullfrogs
  Dowan (D:6)
  2 scorpions
  6 killer bees
  8 wights
  A howler monkey (D:4)
  A bullfrog zombie (D:7)
  4 crimson imps
  A centaur zombie (D:5)
  4 hounds
  3 orc priests
  3 orc wizards
  2 bullfrog skeletons
  4 iguanas
  6 worker ants
  A hound zombie (D:6)
  A hound skeleton (D:5)
  A howler monkey zombie (D:5)
  2 worker ant zombies
  2 gnolls (D:8)
  12 adders
  A shadow imp (D:5)
  An adder zombie (D:6)
  2 adder skeletons
  4 worms
  3 dart slugs
  3 leopard geckos
  26 orcs
  3 bats
  3 giant cockroaches
  9 goblins
  10 hobgoblins
  18 jackals
  13 kobolds
  5 quokkas
  6 frilled lizards
  A quokka zombie (D:5)
  9 rats
202 creatures vanquished.

Vanquished Creatures (others)
  A wyvern (D:9)
  2 vampire mosquitoes (D:9)
  A centaur (D:9)
  A bullfrog (D:9)
  5 killer bees (D:9)
  A howler monkey (D:9)
  2 crimson imps
  A hound (D:9)
  A jelly (D:9)
  An iguana (D:9)
  2 adders (D:9)
  A leopard gecko (D:7)
  5 orcs (D:9)
  2 starspawn tentacles (D:9)
26 creatures vanquished.

Grand Total: 228 creatures vanquished

Notes
Turn   | Place    | Note
-------+----------+-------------------------------------------
     0 | Abyss:1  | winWinterter the Formicid Abyssal Knight began the quest for the Orb.
     0 | Abyss:1  | Reached XP level 1. HP: 18/18 MP: 2/2
    49 | Abyss:1  | Noticed a ynoxinul
    55 | Abyss:1  | Noticed a chaos spawn
    85 | D:1      | Escaped the Abyss
   321 | D:1      | Reached XP level 2. HP: 24/24 MP: 3/3
   349 | D:1      | Reached * piety under Lugonu
   599 | D:1      | Reached XP level 3. HP: 13/30 MP: 4/4
  1245 | D:2      | Reached skill level 1 in Dodging
  1375 | D:2      | Reached skill level 3 in Axes
  1493 | D:2      | Noticed Sigmund
  1499 | D:2      | Gained mutation: Your flesh is cold resistant. (rC+) [potion of mutation]
  1499 | D:2      | Gained mutation: Your flesh is heat resistant. (rF+) [potion of mutation]
  1499 | D:2      | Gained mutation: You possess an exceptional clarity of mind. [potion of mutation]
  1533 | D:1      | Reached XP level 4. HP: 9/37 MP: 5/5
  1715 | D:3      | Reached ** piety under Lugonu
  2001 | D:3      | Found a faded altar of an unknown god.
  2383 | D:3      | Reached XP level 5. HP: 28/42 MP: 6/6
  2868 | D:3      | Reached skill level 4 in Axes
  3256 | D:4      | Reached XP level 6. HP: 48/48 MP: 7/7
  3354 | D:4      | Reached skill level 5 in Axes
  3386 | D:5      | Entered Level 5 of the Dungeon
  3680 | D:4      | Reached XP level 7. HP: 46/54 MP: 8/8
  3680 | D:4      | Reached *** piety under Lugonu
  3835 | D:4      | Noticed Menkaure
  3844 | D:4      | Killed Menkaure
  3844 | D:4      | Reached skill level 6 in Axes
  4649 | D:5      | Reached XP level 8. HP: 61/61 MP: 9/9
  4743 | D:5      | Reached skill level 7 in Axes
  5121 | D:5      | Reached skill level 5 in Fighting
  5244 | D:5      | Reached skill level 8 in Axes
  5824 | D:5      | Found a glowing golden altar of the Shining One.
  5942 | D:6      | Noticed Duvessa
  5942 | D:6      | Noticed Dowan
  5950 | D:6      | Killed Dowan
  5960 | D:6      | Killed Duvessa
  5960 | D:6      | Reached XP level 9. HP: 22/68 MP: 10/10
  6318 | D:6      | Reached skill level 9 in Axes
  6347 | D:6      | Reached **** piety under Lugonu
  6528 | D:6      | Found a staircase to the Ecumenical Temple.
  7006 | D:6      | Found a bloodstained altar of Trog.
  7467 | D:6      | Reached skill level 1 in Shields
  7661 | D:6      | Reached skill level 5 in Armour
  7686 | D:7      | Reached skill level 1 in Long Blades
  8001 | D:7      | Reached XP level 10. HP: 26/76 MP: 12/12
  8002 | D:7      | Reached skill level 1 in Stealth
  8433 | D:7      | Corrupted D:7
  8433 | D:7      | Noticed a thrashing horror
  8433 | D:7      | Noticed a rakshasa
  8433 | D:7      | Noticed a worldbinder
  8433 | D:7      | Noticed a starcursed mass
  8433 | D:7      | Noticed a tentacled starspawn
  8433 | D:7      | Noticed a tentacled starspawn
  8435 | D:7      | Noticed an Executioner
  8435 | D:7      | Noticed a tentacled starspawn
  8510 | D:8      | Noticed danebombitumenja's ghost (novice MiMo)
  8512 | D:8      | You fall through a shaft for 2 floors!
  8512 | D:10     | Entered Level 10 of the Dungeon
  8536 | D:10     | Noticed Typee's ghost (journeyman OpCj)
  8549 | D:9      | Corrupted D:9
  8549 | D:9      | Noticed a freezing wraith
  8549 | D:9      | Noticed a tentacled starspawn
  8549 | D:9      | Noticed a spatial maelstrom
  8549 | D:9      | Noticed a great orb of eyes
  8549 | D:9      | Noticed a large abomination
  8549 | D:9      | Noticed a worldbinder
  8549 | D:9      | Noticed a large abomination
  8549 | D:9      | Noticed a starcursed mass
  8550 | D:9      | Noticed a bone dragon
  8550 | D:9      | Noticed a tentacled starspawn
  8551 | D:9      | Noticed an ice devil
  8551 | D:9      | Noticed a siren
  8553 | D:9      | Noticed a lich
  8569 | D:9      | Noticed a thrashing horror
  8790 | D:9      | Reached skill level 5 in Long Blades
  8879 | D:9      | Slain by an orc warrior

Skill      XL: |  1  2  3  4  5  6  7  8  9 10 |
---------------+-------------------------------+-----
Dodging        | 1 2 |  2.7
Axes           | 3 4 5 6 8 9 |  9.9
Fighting       | 4 5 6 |  6.5
Armour         | 3 4 5 |  5.7
Shields        | 1 |  1.9
Invocations    | 3 4 |  4.5
Long Blades    | 3 5 |  5.8
Stealth        | 1 |  1.0

Action                   |  1- 3 |  4- 6 |  7- 9 | 10-12 || total
-------------------------+-------+-------+-------+-------++-------
Melee: Hand axe          |   114 |   141 |       |       ||   255
       War axe           |       |    81 |   371 |       ||   452
       Great sword       |       |       |    61 |    70 ||   131
Invok: Depart the Abyss  |     1 |       |       |       ||     1
       Bend Space        |       |     1 |       |     1 ||     2
       Corrupt           |       |       |       |     2 ||     2
 Abil: Shaft Self        |       |       |       |     1 ||     1
  Use: Potion            |     4 |       |     6 |     3 ||    13
       Scroll            |       |       |     6 |     4 ||    10
 Stab: Sleeping          |     1 |       |       |       ||     1
  Eat: Chunk             |     2 |     3 |     9 |     3 ||    17
       Pizza             |       |     1 |       |       ||     1
       Beef jerky        |       |     1 |       |       ||     1
       Fruit             |       |     2 |     1 |     2 ||     5
       Meat ration       |       |       |     1 |       ||     1
Armor: Leather armour    |    35 |    88 |       |       ||   123
       Chain mail        |       |    12 |   267 |    47 ||   326
Dodge: Dodged            |    70 |   127 |   161 |    44 ||   402
Block: Buckler           |       |       |    46 |    26 ||    72
       Rpst.: Great sword |       |       |     8 |    16 ||    24
